 Dungeon Crawl Stone Soup version 0.23.2-33-g5129a83184 (webtiles) character file.

Game seed: 5888163039650222112

19810 DorianNounverber the Geomancer (level 12, -22/72 HPs)
             Began as a Gargoyle Earth Elementalist on July 17, 2019.
             Was an Elder of Vehumet.
             Killed from afar by an ice dragon (42 damage)
             ... with a blast of cold
             ... in an ice cave.
             The game lasted 01:03:08 (19554 turns).

DorianNounverber the Geomancer (GrEE)              Turns: 19554, Time: 01:03:08

Health: -22/72     AC: 16    Str: 19    XL:     12   Next: 72%
Magic:  25/25      EV: 16    Int: 19    God:    Vehumet [****..]
Gold:   1272       SH:  0    Dex: 10    Spells: 1/29 levels left

rFire    . . .     SeeInvis .   Q - +4 falchion of the Philosopher {speed, rPois Str+5}
rCold    . . .     Gourm    .   (no shield)
rNeg     + . .     Faith    .   c - +0 robe
rPois    ∞         Spirit   .   p - +2 helmet
rElec    +         Reflect  .   s - +0 cloak
rCorr    .         Harm     .   A - +0 pair of gloves
MR       .....                  x - +0 pair of boots
Stlth    ++........             (no amulet)
HPRegen  0.22/turn              O - +2 ring of evasion
MPRegen  0.19/turn              (no ring)

@: no status effects
A: negative energy resistance 1, electricity resistance, unbreathing,
petrification resistance, rot immunity, AC +8
a: Renounce Religion


You were in an ice cave.
You worshipped Vehumet.
Vehumet was greatly pleased with you.
You were not hungry.

You visited 3 branches of the dungeon, and saw 14 of its levels.
You also visited: Ossuary and Ice Cave.

You collected 1272 gold pieces.

Inventory:

Hand Weapons
 o - a +1 whip of electrocution
 q - a +2 quarterstaff of chaos
 u - a +0 mace
 w - a +1 whip of flaming
 L - a +2 hand axe of flaming
 Q - the +4 falchion of the Philosopher (weapon) {speed, rPois Str+5}
   (You found it on level 9 of the Dungeon)

   Attacks with this weapon are significantly faster.
   It affects your strength (+5).
   It protects you from poison.
Missiles
 b - 130 stones (quivered)
 l - 5 throwing nets
 r - 11 tomahawks
 H - 2 javelins of penetration
 N - 13 javelins
Armour
 c - a +0 robe (worn)
 p - a +2 helmet (worn)
 s - a +0 cloak (worn)
 x - a +0 pair of boots (worn)
 A - a +0 pair of gloves (worn)
 V - a +2 hat
 W - a cursed +0 large shield
Jewellery
 O - a +2 ring of evasion (left hand)
Wands
 f - a wand of digging (6)
 n - a wand of random effects (21)
 y - a wand of scattershot (1)
 z - a wand of disintegration (18)
 I - a wand of flame (22)
Scrolls
 g - 3 scrolls of magic mapping
 i - 10 scrolls of teleportation
 m - a scroll of fear
 t - 9 scrolls of remove curse
 v - 3 scrolls of immolation
 B - 3 scrolls of enchant armour
 D - 2 scrolls of amnesia
 E - a scroll of silence {unknown}
 M - 3 scrolls of identify
 P - a scroll of enchant weapon {unknown}
 T - a scroll of noise {unknown}
 U - a scroll of blinking {unknown}
Potions
 a - 6 potions of lignification
 e - 4 potions of berserk rage
 h - 11 potions of curing
 j - 3 potions of flight
 k - 6 potions of haste
 C - 2 potions of mutation {unknown}
 F - a potion of invisibility {unknown}
 G - 2 potions of agility {unknown}
 J - a potion of resistance {unknown}
 K - 2 potions of might {unknown}
 R - a potion of brilliance {unknown}
Miscellaneous
 S - a crystal ball of energy
Comestibles
 d - 14 rations


   Skills:
 + Level 7.4 Fighting
 + Level 6.0 Dodging
 - Level 2.1 Stealth
 * Level 9.4 Spellcasting
 * Level 10.4 Conjurations
 - Level 0.7 Transmutations
 * Level 12.2 Earth Magic
 + Level 6.2 Evocations


You had one spell level left.
You knew the following spells:

 Your Spells              Type           Power        Failure   Level  Hunger
a - Sandblast             Erth           ######       1%          1    None
b - Stone Arrow           Conj/Erth      ######       1%          3    None
c - Petrify               Tmut/Erth      ####....     5%          4    ###....
d - Lee's Rapid Deconstr  Erth           ######....   1%          5    #####..
e - Magic Dart            Conj           ####         1%          1    None
f - Searing Ray           Conj           #####.       1%          2    None
g - Dazzling Spray        Conj/Hex       ####..       1%          3    None
h - Iskenderun's Mystic   Conj           #####...     1%          4    ###....
i - Blink                 Tloc           N/A          12%         2    None
j - Conjure Flame         Conj/Fire      ####....     1%          3    None

Your spell library contained the following spells:

 Spells                   Type           Power        Failure   Level  Hunger
 Inner Flame              Hex/Fire       #.......     7%          3    None
 Confusing Touch          Hex            #.....       8%          1    None
 Passwall                 Tmut/Erth      ####....     1%          2    None
 Mephitic Cloud           Conj/Pois/Air  ###.....     1%          3    None
 Force Lance              Conj/Tloc      ####....     2%          4    ###....
 Fulminant Prism          Conj/Hex       ####......   2%          4    ###....
 Ignite Poison            Fire/Tmut/Pois #.......     6%          3    None
 Irradiate                Conj/Tmut      ####......   6%          5    #####..
 Call Imp                 Summ           #.......     12%         2    None
 Slow                     Hex            #.......     12%         2    None
 Confuse                  Hex            #.......     24%         3    None
 Gell's Gravitas          Tloc           #.........   24%         3    None
 Yara's Violent Unravell  Hex/Tmut       ##........   41%         5    #####..
 Alistair's Intoxication  Tmut/Pois      ##......     88%         5    #####..
 Metabolic Englaciation   Hex/Ice        #.........   91%         5    #####..
 Sublimation of Blood     Necr           Unusable     N/A         2    N/A

Dungeon Overview and Level Annotations

Branches:
Dungeon (10/15)            Temple (1/1) D:7            Lair (3/6) D:10
 Shoals (0/4) Lair:2
  Snake: Lair:2-4    Spider: Lair:2-4       Orc: D:9-12

Altars:
Ashenzari
Cheibriados
Dithmenos
Elyvilon
Gozag
Hepliaklqana
Kikubaaqudgha
Makhleb
Nemelex Xobeh
Okawaru
Qazlal
Ru
Trog
Uskayaw
Vehumet
Wu Jian
Xom
Yredelemnul
The Shining One

Annotations:
D:5 3 runed translucent doors, Ykky's ghost, amateur VSIE


Innate Abilities, Weirdness & Mutations

You are resistant to torment.
Your stone body is resilient. (AC +8)
You are immune to poison.
You resist negative energy. (rN+)
You are resistant to electric shocks. (rElec)
You can survive without breathing.
You are immune to petrification.
You are immune to rotting.


Message History

Press: ? - help, Shift-Dir - straight line, f/p - ice dragon
Aim: an ice dragon The magic dart hits the ice dragon.
The ice dragon is lightly wounded.
The ice dragon roars deafeningly!
Casting: Magic Dart (safe; 1% risk of failure)
Confirm with . or Enter, or press ? or * to list all spells.
Aiming: Magic Dart (safe; 1% risk of failure)
Press: ? - help, Shift-Dir - straight line, f/p - ice dragon
Aim: an ice dragon (lightly wounded)
The magic dart hits the ice dragon.
The ice dragon is lightly wounded.
The ice dragon breathes frost at you. The blast of cold hits you!!!
Ouch! That really hurt!
* * * LOW HITPOINT WARNING * * *
The ice dragon breathes frost at you. The blast of cold hits you!!!
Ouch! That really hurt!
You die...

# #.........##
####.........#
.##..........##
..............##
#..............##
###.........##..#
##........###.##
#........## #..#
##.......# ##@#
##.....## #.##
#.....# #..#
###..## #..#
#..## #..## ##.##
##.D## ##..#
##..### ##..##
##...# #..##
###.###


You could see an ice dragon.

Vanquished Creatures
  Gastronok (D:9)
  Snorg (Lair:3)
  A hydra (Lair:1)
  Harold (Lair:2)
  Erica (D:7)
  Nergalle (D:10)
  An unseen horror (D:10)
  3 merfolk sirens (Lair:2)
  A black mamba (Lair:2)
  2 ice statues (IceCv)
  2 spiny frogs
  2 rime drakes (IceCv)
  A centaur skeleton (D:10)
  3 komodo dragons
  A merfolk (Lair:2)
  A troll (D:10)
  A hornet (D:8)
  Grinder (D:5)
  3 hippogriffs
  A wyvern (D:8)
  A basilisk (D:10)
  Menkaure (D:4)
  2 hungry ghosts
  A water moccasin (Lair:2)
  4 orc warriors
  3 porcupines
  A black bear (D:9)
  A sky beast (D:10)
  24 ice beasts
  A hornet zombie (D:8)
  A phantom (D:6)
  4 wolves (Lair:2)
  10 ogres
  6 centaurs
  3 crocodiles
  12 bullfrogs
  A wyvern zombie (D:10)
  A gnoll sergeant (D:7)
  10 scorpions
  3 killer bees (D:10)
  A howler monkey (D:4)
  A bullfrog zombie (D:5)
  3 crimson imps
  Crazy Yiuf (D:4)
  2 bullfrog skeletons
  4 hounds
  A jelly (D:10)
  10 orc wizards
  8 orc priests
  6 worker ants
  9 mummies
  2 worker ant zombies
  Robin (D:2)
  8 gnolls
  17 adders
  4 adder skeletons
  3 worms
  4 leopard geckos
  39 orcs
  A ball python (D:2)
  6 bats
  7 giant cockroaches
  2 gnoll zombies (Ossuary)
  19 goblins
  5 hobgoblins
  8 jackals
  2 quokkas
  A ball python zombie (D:3)
  4 frilled lizards
  A hobgoblin zombie (Ossuary)
  4 kobolds
  A leopard gecko skeleton (D:4)
  5 orc zombies (Ossuary)
  7 rats
  3 fungi (D:4)
319 creatures vanquished.

Vanquished Creatures (others)
  A human (D:4)
  A fungus (D:4)
  A plant (D:10)
3 creatures vanquished.

Grand Total: 322 creatures vanquished

Notes
Turn   | Place    | Note
-------+----------+-------------------------------------------
     0 | D:1      | DorianNounverber the Gargoyle Earth Elementalist began the
                  | quest for the Orb.
     0 | D:1      | Reached XP level 1. HP: 10/10 MP: 3/3
   147 | D:1      | Reached XP level 2. HP: 10/16 MP: 3/5
   360 | D:1      | Reached skill level 4 in Earth Magic
   748 | D:1      | Reached XP level 3. HP: 20/20 MP: 6/6
  1140 | D:2      | Reached skill level 1 in Fighting
  1370 | D:2      | Found a shimmering altar of Xom.
  1463 | D:2      | Noticed Robin
  1598 | D:2      | Reached XP level 4. HP: 24/25 MP: 5/8
  1601 | D:2      | Killed Robin
  1842 | D:3      | Learned a level 3 spell: Stone Arrow
  1847 | D:3      | Learned a level 4 spell: Petrify
  2072 | D:3      | Reached XP level 5. HP: 25/29 MP: 9/9
  2189 | D:3      | Found a bloodstained altar of Trog.
  2378 | D:3      | Reached skill level 1 in Conjurations
  2470 | D:3      | Found a sparkling altar of Nemelex Xobeh.
  2679 | D:4      | Found a hazy altar of Hepliaklqana.
  2781 | D:4      | Reached skill level 5 in Earth Magic
  2931 | D:4      | Noticed Menkaure
  2942 | D:4      | Killed Menkaure
  2942 | D:4      | Reached skill level 1 in Evocations
  2942 | D:4      | Reached XP level 6. HP: 19/35 MP: 1/11
  3063 | D:4      | Reached XP level 7. HP: 37/40 MP: 4/12
  3070 | D:4      | Learned a level 5 spell: Lee's Rapid Deconstruction
  3274 | D:4      | Reached skill level 6 in Earth Magic
  3438 | D:4      | Found an ancient bone altar of Kikubaaqudgha.
  3438 | D:4      | Noticed a human
  3440 | D:4      | Killed a human
  3887 | D:4      | Found a runed translucent door.
  3888 | D:4      | Noticed Crazy Yiuf
  3896 | D:4      | Killed Crazy Yiuf
  3937 | D:5      | Entered Level 5 of the Dungeon
  4090 | D:5      | Noticed Grinder
  4110 | D:5      | Paralysed by Grinder for 6 turns
  4204 | D:5      | Killed Grinder
  4204 | D:5      | Reached XP level 8. HP: 46/46 MP: 0/14
  4207 | D:5      | Learned a level 1 spell: Magic Dart
  4344 | D:5      | Found a runed translucent gate.
  4344 | D:5      | Found a runed translucent gate.
  4345 | D:5      | Found a runed translucent gate.
  4345 | D:5      | Noticed Ykky's ghost (amateur VSIE)
  4422 | D:5      | Found a sand-covered staircase.
  4430 | Ossuary  | Entered an ossuary
  5175 | Ossuary  | Learned a level 2 spell: Searing Ray
  5567 | D:5      | Found a shattered altar of Ashenzari.
  5946 | D:6      | Reached skill level 7 in Earth Magic
  6358 | D:6      | Reached skill level 5 in Spellcasting
  6525 | D:6      | Found a burning altar of Makhleb.
  6585 | D:6      | Found a glowing golden altar of the Shining One.
  6754 | D:6      | Reached skill level 5 in Conjurations
  6754 | D:6      | Reached XP level 9. HP: 52/52 MP: 9/16
  6860 | D:6      | Found a white marble altar of Elyvilon.
  7775 | D:7      | Found a staircase to the Ecumenical Temple.
  7780 | Temple   | Entered the Ecumenical Temple
  7833 | Temple   | Became a worshipper of Vehumet
  7920 | D:7      | Found a shadowy altar of Dithmenos.
  8010 | D:7      | Reached skill level 8 in Earth Magic
  9238 | D:7      | Reached XP level 10. HP: 58/58 MP: 3/19
  9552 | D:8      | Reached * piety under Vehumet
  9552 | D:8      | Offered knowledge of Freeze by Vehumet.
  9557 | D:8      | Learned a level 3 spell: Dazzling Spray
  9559 | D:8      | Reached skill level 9 in Earth Magic
  9704 | D:8      | Reached skill level 5 in Fighting
 10025 | D:8      | Noticed Erica
 10139 | D:7      | Killed Erica
 10637 | D:8      | Reached ** piety under Vehumet
 11260 | D:9      | Offered knowledge of Shock by Vehumet.
 11473 | D:9      | Noticed Gastronok
 11599 | D:9      | Got a dazzling falchion
 11600 | D:9      | Identified the +4 falchion of the Philosopher {speed, rPois
                  | Str+5} (You found it on level 9 of the Dungeon)
 13342 | D:8      | Learned a level 4 spell: Iskenderun's Mystic Blast
 13664 | D:9      | Killed Gastronok
 13664 | D:9      | Reached skill level 10 in Earth Magic
 13664 | D:9      | Reached XP level 11. HP: 41/64 MP: 11/22
 13764 | D:10     | Entered Level 10 of the Dungeon
 13902 | D:10     | Reached skill level 5 in Dodging
 14015 | D:10     | Killed an unseen horror
 14358 | D:10     | Reached skill level 5 in Evocations
 14517 | D:10     | Found a staircase to the Lair.
 14575 | D:10     | Offered knowledge of Throw Frost by Vehumet.
 14724 | D:10     | Noticed Nergalle
 14730 | D:10     | Killed Nergalle
 15204 | Lair:1   | Entered Level 1 of the Lair of Beasts
 15338 | Lair:1   | Reached skill level 11 in Earth Magic
 15462 | Lair:1   | Noticed a five-headed hydra
 15467 | Lair:1   | Killed a five-headed hydra
 15571 | Lair:1   | Learned a level 2 spell: Blink
 15806 | Lair:1   | Reached *** piety under Vehumet
 16786 | Lair:2   | Reached XP level 12. HP: 71/71 MP: 14/24
 16903 | Lair:2   | Noticed Harold
 17108 | Lair:2   | Found a staircase to the Shoals.
 17502 | Lair:2   | Offered knowledge of Inner Flame by Vehumet.
 17507 | Lair:2   | Learned a level 3 spell: Conjure Flame
 17566 | Lair:2   | Killed Harold
 17651 | Lair:2   | Reached skill level 10 in Conjurations
 17965 | Lair:3   | Found a frozen archway.
 18267 | Lair:3   | Noticed Snorg
 18282 | Lair:3   | Killed Snorg
 18282 | Lair:3   | Reached skill level 12 in Earth Magic
 18364 | IceCv    | Entered an ice cave
 19418 | IceCv    | Reached **** piety under Vehumet
 19533 | IceCv    | Noticed an ice dragon
 19534 | IceCv    | Noticed an ice dragon
 19554 | IceCv    | Killed from afar by an ice dragon

Skill      XL: |  1  2  3  4  5  6  7  8  9 10 11 12 |
---------------+-------------------------------------+-----
Earth Magic    | 4 5 6 7 8 10 11 12 | 12.2
Fighting       | 1 2 3 4 5 6 7 |  7.4
Dodging        | 2 3 4 5 6 |  6.0
Spellcasting   | 3 4 5 6 7 8 9 |  9.4
Conjurations   | 2 3 5 6 8 9 10 | 10.4
Evocations     | 1 2 3 4 5 6 |  6.2
Stealth        | |  2.1
Transmutations | |  0.7

Action                   |  1- 3 |  4- 6 |  7- 9 | 10-12 || total
-------------------------+-------+-------+-------+-------++-------
Melee: Unarmed           |    49 |       |       |       ||    49
       Club              |    64 |       |       |       ||    64
       Hand axe          |    52 |       |       |       ||    52
       Whip              |       |    42 |    29 |       ||    71
       Quarterstaff      |       |       |    33 |    19 ||    52
       Falchion          |       |       |       |    42 ||    42
 Cast: Sandblast         |    20 |    26 |   115 |   152 ||   313
       Stone Arrow       |       |     7 |    64 |   153 ||   224
       Magic Dart        |       |       |    99 |   185 ||   284
       Searing Ray       |       |       |     4 |     1 ||     5
       Lee's Rapid Decon |       |       |     2 |    18 ||    20
       Iskenderun's Myst |       |       |       |     5 ||     5
       Petrify           |       |       |       |     4 ||     4
       Dazzling Spray    |       |       |       |     4 ||     4
       Blink             |       |       |       |     2 ||     2
Evoke: Wand              |       |       |       |     1 ||     1
  Use: Scroll            |     4 |       |     8 |     8 ||    20
       Potion            |       |       |       |     5 ||     5
 Stab: Sleeping          |     5 |     1 |     2 |       ||     8
       Paralysed         |       |       |     2 |       ||     2
  Eat: Chunk             |     3 |     5 |     6 |     6 ||    20
       Ration            |       |       |     5 |    10 ||    15
Armor: Robe              |    46 |    24 |    36 |    74 ||   180
Dodge: Dodged            |   113 |    29 |    72 |   122 ||   336
       Rpst.: Falchion   |       |       |       |    15 ||    15
